 Dungeon Crawl Stone Soup version 0.30.0-5-g1a98f26d00 (webtiles) character file.

Game seed: 18183075817510438216

242 booth the Chopper (level 5, -13/38 HPs)
             Began as a Demonspawn Reaver on May 12, 2023.
             Mangled by an iguana (17 damage)
             ... on level 4 of the Dungeon.
             The game lasted 00:21:50 (2504 turns).

booth the Chopper (Demonspawn Reaver)               Turns: 2504, Time: 00:21:50

Health: -13/38     AC:  9    Str: 12 (15) XL:     5   Next: 82%
Magic:  0/8        EV: 11    Int:  9 (12) God:
Gold:   110        SH:  0    Dex:  9 (11) Spells: 5/8 levels left

rFire   . . .        a - +1 hand axe (chaos)
rCold   . . .        (no shield)
rNeg    . . .        b - +0 leather armour
rPois   .            (helmet restricted)
rElec   .            n - +1 cloak
rCorr   .            j - +1 pair of gloves
SInv    .            (no boots)
Will    .....        h - amulet of guardian spirit
Stlth   +            (no ring)
HPRegen 0.26/turn    (no ring)
MPRegen 0.11/turn

%: guardian spirit
@: no status effects
A: horns 1, molten scales 1, powered by death 1, dopey 1, sense surroundings 1
a: no special abilities


You were on level 4 of the Dungeon.
You visited 1 branch of the dungeon, and saw 4 of its levels.

You collected 110 gold pieces.

Inventory:

Hand Weapons
 a - a +1 hand axe of chaos (weapon)
 g - a +0 dagger of flaming
Missiles
 l - 6 datura-tipped darts (quivered)
Armour
 b - a +0 leather armour (worn)
 j - a +1 pair of gloves (worn)
 n - a +1 cloak (worn)
Jewellery
 c - an amulet of faith
 h - an amulet of guardian spirit (around neck)
Scrolls
 d - a scroll of butterflies
 o - a scroll of blinking
Potions
 e - a potion of cancellation
 i - 5 potions of curing
 k - a potion of flight


   Skills:
 + Level 2.2 Fighting
 + Level 1.1 Short Blades
 * Level 5.0 Axes
 + Level 1.6 Armour
 + Level 2.2 Dodging
 + Level 0.2 Stealth
 + Level 2.0 Spellcasting
 + Level 3.1 Conjurations


You had 5 spell levels left.
You knew the following spells:

 Your Spells              Type           Power      Damage    Failure   Level
a - Kiss of Death         Conj/Necr      12%        2d6       22%         1
b - Momentum Strike       Conj/Tloc      6%         3d8       32%         2

Your spell library contained the following spells:

 Spells                   Type           Power      Damage    Failure   Level
 Apportation              Tloc           0%         N/A       38%         1
 Beastly Appendage        Tmut           0%         N/A       38%         1
 Wereblood                Tmut           0%         N/A       54%         2
 Hailstorm                Conj/Ice       3%         3d3       54%         3
 Ozocubu's Armour         Ice            0%         N/A       77%         3
 Spider Form              Tmut/Pois      0%         N/A       77%         3
 Alistair's Intoxication  Tmut/Pois      0%         N/A       100%        5
 Ozocubu's Refrigeration  Ice            0%         4d7       100%        7


Dungeon Overview and Level Annotations

Branches:
Dungeon (4/15)
 Temple: D:4-7

Altars:


Innate Abilities, Weirdness & Mutations

You have a pair of small horns on your head.
You are partially covered in molten scales. (AC +2)
You regenerate a little health from kills.
You are dopey. (Int -2)
You passively map a small area around you.


Message History

You hit the jackal. You burn the jackal.
You kill the jackal!
You hit the jackal. You headbutt the jackal.
You kill the jackal!
You closely miss the jackal. The jackal closely misses you.
The jackal bites you.
You hit the jackal.
The jackal is heavily wounded.
The jackal barely misses you.
You barely miss the jackal.
The jackal is heavily wounded.
You hit the iguana but do no damage.
The iguana goes berserk!
The iguana barely misses you.
The jackal bites you but does no damage.
The iguana bites you. The jackal bites you.
You hit the jackal. You burn the jackal.
The jackal is almost dead.
You hit the iguana. The iguana barely misses you.
The jackal closely misses you. The iguana attacks as you move away!
The iguana bites you!
The iguana bites you but does no damage.
You closely miss the iguana. You headbutt the iguana.
The iguana is moderately wounded.
The iguana barely misses you.
You slash the iguana!
The iguana suddenly seems more resistant.
The iguana is heavily wounded.
The iguana bites you but does no damage.
The iguana barely misses you.
You slash the iguana! You burn the iguana.
You headbutt the iguana, but do no damage.
The iguana is severely wounded.
The iguana bites you!
You barely miss the iguana.
You headbutt the iguana, but do no damage.
The iguana is severely wounded.
The iguana bites you!
* * * LOW HITPOINT WARNING * * *
The iguana bites you!!
You die...

, ,, * #..# * * * ,
### ***###<# * , ,
#.., ..#.# * # #.#
*#.#.# #.
#.######.#.# , *
##.#*#.##.....#.# ,
,..#...##.##.....).#
#....).#.##..##.###
......hl@....##.# ,
#.##.###.##.###.# ,
, * #......[.# * *
####.....# #######


You could see an iguana (berserk, resistant) and a jackal.

Vanquished Creatures
  Terence (D:3)
  Natasha (thrice) (D:3)
  Robin (D:3)
  4 adders
  4 dart slugs
  An orc (D:3)
  3 ball pythons
  6 endoplasms
  3 giant cockroaches
  16 goblins
  8 hobgoblins
  6 jackals
  3 quokkas
  6 bats
  8 frilled lizards
  6 kobolds
  6 rats
85 creatures vanquished.

Vanquished Creatures (collateral kills)
  A bat (D:3)
1 creature vanquished.

Vanquished Creatures (others)
  A bat zombie (D:3)
1 creature vanquished.

Grand Total: 87 creatures vanquished

Notes
Turn   | Place    | Note
-------+----------+-------------------------------------------
     0 | D:1      | booth the Demonspawn Reaver began the quest for the Orb.
     0 | D:1      | Reached XP level 1. HP: 16/16 MP: 3/3
   278 | D:1      | Reached skill level 3 in Axes
   281 | D:1      | Gained mutation: You have a pair of small horns on your
                  | head. [demonic ancestry]
   281 | D:1      | Reached XP level 2. HP: 19/21 MP: 5/5
   690 | D:1      | Reached XP level 3. HP: 23/27 MP: 4/6
  1203 | D:2      | Learned a level 2 spell: Momentum Strike
  1565 | D:2      | Gained mutation: You are dopey. (Int -2) [potion of
                  | mutation]
  1565 | D:2      | Gained mutation: You passively map a small area around you.
                  | [potion of mutation]
  1594 | D:3      | Gained mutation: You regenerate a little health from kills.
                  | [demonic ancestry]
  1594 | D:3      | Reached XP level 4. HP: 33/33 MP: 7/7
  1610 | D:3      | Reached skill level 1 in Short Blades
  1645 | D:3      | Noticed Natasha
  1654 | D:3      | Killed Natasha
  1655 | D:3      | Reached skill level 4 in Axes
  1744 | D:3      | Noticed Robin
  1758 | D:3      | Killed Robin
  1766 | D:3      | Gained mutation: You are partially covered in molten
                  | scales. (AC +2) [demonic ancestry]
  1766 | D:3      | Reached XP level 5. HP: 38/38 MP: 8/8
  1893 | D:3      | Noticed Terence
  1907 | D:3      | Killed Terence
  1967 | D:3      | Noticed Natasha
  1982 | D:3      | Killed Natasha
  2102 | D:3      | Noticed Natasha
  2125 | D:3      | Killed Natasha
  2126 | D:3      | Reached skill level 1 in Armour
  2235 | D:3      | Reached skill level 5 in Axes
  2504 | D:4      | Mangled by an iguana

Illustrated notes

Levels and vault maps discovered:
D:1:      co_arrival_random_square_maze, layout_rooms, minmay_nonomino_d4
D:2:      layout_rooms
D:3:      layout_loops_ring, uniq_robin, uniq_terence, uniq_natasha
D:4:      layout_loops_corners, mainiacjoe_overflow_surrounded_room,
          lemuel_flame_loot_1

Skill      XL: |  1  2  3  4  5 |
---------------+----------------+-----
Axes           | 3 4 5 |  5.0
Dodging        | 2 |  2.2
Short Blades   | 1 |  1.1
Armour         | 1 |  1.6
Fighting       | |  2.2
Stealth        | |  0.2
Spellcasting   | |  2.0
Conjurations   | |  3.1

Action                     |  1- 3 |  4- 6 || total
---------------------------+-------+-------++-------
  Melee: Hand axe          |    93 |   102 ||   195
         Punch             |     1 |     1 ||     2
         Dagger            |    56 |       ||    56
         Headbutt          |    20 |    17 ||    37
  Throw: Dart              |       |     3 ||     3
   Cast: Kiss of Death     |     1 |       ||     1
    Use: Scroll            |     9 |     1 ||    10
         Potion            |     4 |     2 ||     6
 Armour: Leather armour    |    38 |    47 ||    85
  Dodge: Dodged            |    71 |    73 ||   144
